 Dungeon Crawl Stone Soup version 0.27-a0-972-gd1521fd518 (webtiles) character file.

Game seed: 11407644994948212712

36522 frogmouthbird the Severer (level 13, -27/107 HPs)
             Began as a Hill Orc Fighter on Apr 13, 2021.
             Was a High Priest of Okawaru.
             Annihilated by an alligator simulacrum (30 damage)
             ... in an ice cave.
             The game lasted 00:34:51 (20266 turns).

frogmouthbird the Severer (Hill Orc Fighter)       Turns: 20266, Time: 00:34:52

Health: -27/107    AC: 22    Str: 28    XL:     13   Next: 90%
Magic:  21/22      EV: 12    Int: 10    God:    Okawaru [*****.]
Gold:   933        SH: 20    Dex: 16    Spells: 12/12 levels left

rFire    + + .     SeeInvis .   a - +4 broad axe (venom)
rCold    . . .     Faith    .   b - +2 kite shield
rNeg     + . .     Spirit   .   M - +4 chain mail {rN+}
rPois    +         Reflect  +   p - +0 helmet "Ynky" {rCorr Dex+6}
rElec    .         Harm     .   I - +0 cloak {rPois}
rCorr    +         Rampage  .   G - +0 pair of gloves
Will     .....                  y - +2 pair of boots {Stlth+}
Stlth    ..........             i - amulet of reflection
HPRegen  0.27/turn              (no ring)
MPRegen  0.18/turn              g - ring of Hospitality {Drain rPois rF++ Str+6}

@: no status effects
A: no striking features
a: Renounce Religion, Heroism, Finesse


You were in an ice cave.
You worshipped Okawaru.
Okawaru was extremely pleased with you.
You visited 3 branches of the dungeon, and saw 16 of its levels.
You also visited: Ossuary, Bailey and Ice Cave.

You collected 1471 gold pieces.
You spent 538 gold pieces at shops.

Inventory:

Hand Weapons
 a - a +4 broad axe of venom (weapon)
Missiles
 n - 8 atropa-tipped darts
 D - 3 throwing nets (quivered)
 F - 5 curare-tipped darts
Armour
 b - a +2 kite shield (worn)
 p - the +0 helmet "Ynky" (worn) {rCorr Dex+6}
   (You found it on level 5 of the Dungeon)

   It affects your dexterity (+6).
   It protects you from acid and corrosion.
 y - a +2 pair of boots of stealth (worn)
 G - a +0 pair of gloves (worn)
 I - a +0 cloak of poison resistance (worn)
 M - a +4 chain mail of positive energy (worn)
Jewellery
 g - the ring of Hospitality (right hand) {Drain rPois rF++ Str+6}
   (You acquired it on level 11 of the Dungeon)

   [ring of strength]

   It affects your strength (+6).
   It greatly protects you from fire.
   It protects you from poison.
   It drains your maximum health when unequipped.
 i - an amulet of reflection (around neck)
Wands
 c - a wand of flame (13)
 e - a wand of iceblast (7)
 q - a wand of paralysis (9)
 L - a wand of digging (6)
Scrolls
 h - 2 scrolls of fog
 r - 4 scrolls of enchant armour
 t - 5 scrolls of magic mapping
 u - a scroll of silence
 C - a scroll of teleportation
 J - a scroll of amnesia
Potions
 d - 4 potions of might
 f - 5 potions of flight
 j - 2 potions of curing
 k - 4 potions of brilliance
 m - 2 potions of berserk rage
 o - 5 potions of ambrosia
 s - a potion of heal wounds
 v - 6 potions of lignification
 w - a potion of mutation {unknown}
 z - a potion of attraction {unknown}
 A - 2 potions of magic {unknown}
 B - 3 potions of invisibility
 E - 5 potions of cancellation
 K - a potion of haste {unknown}
Miscellaneous
 H - a condenser vane


   Skills:
 - Level 8.1 Fighting
 - Level 18.1 Axes
 - Level 7.4 Armour
 + Level 7.9 Dodging
 - Level 10.8 Shields
 + Level 12.0 Invocations


You had 12 spell levels left.
You didn't know any spells.
Your spell library contained the following spells:

 Spells                   Type           Power      Damage    Failure   Level
 Animate Skeleton         Necr           0%         N/A       97%         1
 Corona                   Hex            0%         N/A       97%         1
 Pain                     Necr           0%         1d4       97%         1
 Shock                    Conj/Air       0%         1d3       97%         1
 Blink                    Tloc           N/A        N/A       99%         2
 Ensorcelled Hibernation  Hex/Ice        0%         N/A       99%         2
 Swiftness                Air            0%         N/A       99%         2
 Confusing Touch          Hex            0%         N/A       100%        3
 Dazzling Flash           Conj/Hex       0%         N/A       100%        3
 Gell's Gravitas          Tloc           0%         N/A       100%        3
 Lesser Beckoning         Tloc           0%         N/A       100%        3
 Static Discharge         Conj/Air       0%         N/A       100%        3
 Teleport Other           Tloc           0%         N/A       100%        3
 Tukima's Dance           Hex            0%         N/A       100%        3
 Vampiric Draining        Necr           0%         2d6       100%        3
 Airstrike                Air            0%         N/A       100%        4
 Animate Dead             Necr           0%         N/A       100%        4
 Cause Fear               Hex            0%         N/A       100%        4
 Agony                    Necr           0%         N/A       100%        5
 Lightning Bolt           Conj/Air       0%         1d11      100%        5
 Manifold Assault         Tloc           0%         N/A       100%        5
 Silence                  Hex/Air        0%         N/A       100%        5
 Yara's Violent Unravell  Hex/Tmut       0%         3d3       100%        5
 Discord                  Hex            0%         N/A       100%        8


Dungeon Overview and Level Annotations

Branches:
Dungeon (11/15)            Temple (1/1) D:6            Lair (4/6) D:11
  Swamp (0/4) Lair:3       Spider (0/4) Lair:3          Orc (0/2) D:11
Ossuary (visited)          Bailey (visited)           IceCv (1/1)

Altars:
Ashenzari
Cheibriados
Dithmenos
Elyvilon
Fedhas
Gozag
Hepliaklqana
Kikubaaqudgha
Makhleb
Nemelex Xobeh
Okawaru
Qazlal
Ru
Sif Muna
Trog
Uskayaw
Vehumet
Wu Jian
Xom
Yredelemnul
Zin
The Shining One

Shops:
D:1 :   D:6 [*?(   D:9 *

Annotations:
D:11 3 runed translucent doors, Zeld's ghost, journeyman HOFi


Message History

Found an ice covered gate leading back out of this place.
There is an ice choked empty arch of ancient stone here.
There is an ice covered gate leading back out of this place here.
You barely miss the wolf spider simulacrum.
You block the wolf spider simulacrum's attack. x2
You hit the wolf spider simulacrum.
The wolf spider simulacrum is lightly damaged.
You block the wolf spider simulacrum's attack. x2
You slice the wolf spider simulacrum!!
The wolf spider simulacrum vapourises!
Okawaru accepts your kill.
Your Invocations skill increases to level 12!
The alligator simulacrum bites you. The alligator simulacrum freezes you!!
The alligator simulacrum tail-slaps you.
The alligator simulacrum freezes you!!
* * * LOW HITPOINT WARNING * * *
You are too injured to fight recklessly!
You are too injured to fight recklessly!
You are too injured to fight recklessly!
You are too injured to fight recklessly!
Unknown command.
Your chain mail prevents you from hitting the alligator simulacrum.
The alligator simulacrum bites you but does no damage.
You block the alligator simulacrum's attack.
You slash the polar bear simulacrum!
The polar bear simulacrum is almost destroyed.
You slash the alligator simulacrum! The polar bear simulacrum bites you.
* * * LOW HITPOINT WARNING * * *
The polar bear simulacrum freezes you!
* * * LOW HITPOINT WARNING * * *
The polar bear simulacrum claws you but does no damage. x2
The alligator simulacrum barely misses you.
You block the alligator simulacrum's attack.
Unknown command.
You hit the polar bear simulacrum.
The polar bear simulacrum is almost destroyed.
You slash the alligator simulacrum! The alligator simulacrum bites you.
* * * LOW HITPOINT WARNING * * *
The alligator simulacrum freezes you!!
You die...

##...
#...#
...##
#...#
##...##
##.....##
#...∩...#
#...ZZZ.#
##..°@.##
##...##
#####


You could see an alligator simulacrum, an elephant simulacrum and a polar bear
simulacrum.

Vanquished Creatures
  Gastronok (Lair:2)
  A boulder beetle (D:11)
  A catoblepas (Lair:2)
  Erica (D:8)
  5 hydras
  3 two-headed ogres
  A death yak (Lair:4)
  Urug (Lair:3)
  Pikel (D:8)
  An orc knight (Bailey)
  Joseph (D:8)
  5 elephants (Lair:3)
  A black mamba (Lair:2)
  Maurice (D:8)
  6 cane toads
  Psyche (D:9)
  An unseen horror (D:11)
  3 komodo dragons
  A rime drake (Lair:2)
  2 trolls (D:11)
  A queen bee (D:10)
  A wolf spider simulacrum (IceCv)
  3 blink frogs (Lair:2)
  A meliai zombie (D:11)
  A water elemental (D:11)
  A shadow (D:10)
  A tarantella (Lair:3)
  35 yaks
  2 wraiths
  3 wyverns
  Grum (D:8)
  8 vampire mosquitoes (Lair:2)
  6 water moccasins
  A swamp drake (Lair:2)
  2 black bears
  Duvessa (D:7)
  17 orc warriors
  A hornet zombie (D:8)
  8 ice beasts (Lair:4)
  A necrophage (D:8)
  3 ogres
  5 wolves
  4 centaurs
  A phantom (D:5)
  3 lemures (D:8)
  A kobold brigand (D:11)
  8 gnoll sergeants
  14 bullfrogs
  A water moccasin zombie (D:5)
  A scorpion (D:6)
  Dowan (D:7)
  30 killer bees
  4 howler monkeys
  A vampire bat (D:4)
  14 wights
  2 electric eels (D:11)
  8 centaur zombies
  3 jellies
  A centaur skeleton (D:5)
  6 orc priests
  2 gnoll shamans
  7 hounds
  An iguana (D:5)
  A bullfrog skeleton (D:7)
  Jessica (D:2)
  6 orc wizards
  2 mummies (Ossuary)
  A howler monkey zombie (D:11)
  31 gnolls
  7 adders
  2 shadow imps
  2 white imps (D:5)
  2 ufetubi
  An adder skeleton (D:4)
  3 adder zombies (Ossuary)
  2 worms
  4 dart slugs
  3 fire bats (D:4)
  46 orcs
  2 spectral bats (D:4)
  16 bats
  A bat simulacrum (D:4)
  3 bat skeletons (D:4)
  A bat zombie (D:4)
  6 endoplasms
  4 giant cockroaches
  10 goblins
  4 hobgoblins
  8 jackals
  7 kobolds
  4 quokkas
  7 ball pythons
  3 frilled lizards
  13 hobgoblin zombies (Ossuary)
  2 jackal zombies (Ossuary)
  6 kobold zombies (Ossuary)
  8 orc zombies (Ossuary)
  A quokka zombie (D:3)
  7 rats
  3 rat zombies (Ossuary)
484 creatures vanquished.

Vanquished Creatures (others)
  A kobold brigand (D:11)
  10 fungi
  10 plants
  A withered plant (D:3)
22 creatures vanquished.

Grand Total: 506 creatures vanquished

Notes
Turn   | Place    | Note
-------+----------+-------------------------------------------
     0 | D:1      | frogmouthbird the Hill Orc Fighter began the quest for the
                  | Orb.
     0 | D:1      | Reached XP level 1. HP: 19/19 MP: 1/1
    30 | D:1      | Reached skill level 3 in Axes
    44 | D:1      | Reached XP level 2. HP: 11/26 MP: 2/2
   315 | D:1      | Reached skill level 4 in Axes
   503 | D:1      | Found Pugrie's Book Shop.
   551 | D:1      | Reached XP level 3. HP: 23/31 MP: 3/3
   788 | D:1      | Found a faded altar of an unknown god.
   962 | D:2      | Reached skill level 5 in Axes
  1201 | D:2      | Reached XP level 4. HP: 32/39 MP: 4/4
  1504 | D:2      | Reached skill level 6 in Axes
  1521 | D:2      | Noticed Jessica
  1537 | D:2      | Killed Jessica
  1769 | D:2      | Reached XP level 5. HP: 45/45 MP: 5/5
  2075 | D:3      | Reached skill level 7 in Axes
  2369 | D:3      | Reached skill level 8 in Axes
  2369 | D:3      | Reached XP level 6. HP: 17/47 MP: 6/6
  3072 | D:3      | Reached skill level 9 in Axes
  3403 | D:4      | Reached XP level 7. HP: 24/57 MP: 7/7
  3592 | D:4      | Reached skill level 10 in Axes
  5001 | D:5      | Entered Level 5 of the Dungeon
  5028 | D:5      | Reached skill level 11 in Axes
  5126 | D:5      | Reached XP level 8. HP: 24/64 MP: 8/8
  5419 | D:5      | Identified the +0 helmet "Ynky" {rCorr Dex+6}
  5690 | D:5      | Reached skill level 12 in Axes
  6228 | D:6      | Found Ront's Magic Scroll Shop.
  6239 | D:6      | Found Jilug's Weapon Boutique.
  6241 | D:6      | Bought a scroll of identify for 24 gold pieces
  6241 | D:6      | Bought a scroll of magic mapping for 42 gold pieces
  6241 | D:6      | Bought a scroll of silence for 90 gold pieces
  6247 | D:6      | Bought a +0 broad axe for 40 gold pieces
  6279 | D:6      | Found a staircase to the Ecumenical Temple.
  6289 | D:6      | Found Tado Bew's General Store.
  6312 | D:6      | Found Muges's Armour Emporium.
  6455 | D:6      | Reached skill level 13 in Axes
  6540 | Temple   | Entered the Ecumenical Temple
  6657 | Temple   | Became a worshipper of Warmaster Okawaru
  6786 | D:7      | Noticed Dowan
  6787 | D:7      | Noticed Duvessa
  6803 | D:7      | Killed Dowan
  6804 | D:7      | Reached skill level 1 in Invocations
  6864 | D:7      | Reached skill level 1 in Dodging
  6929 | D:7      | Found a sand-covered staircase.
  7080 | Ossuary  | Entered an ossuary
  7637 | D:7      | Reached XP level 9. HP: 71/71 MP: 11/11
  7756 | D:7      | Reached * piety under Okawaru
  7984 | D:7      | Reached skill level 5 in Fighting
  8293 | D:7      | Reached skill level 5 in Armour
  8632 | D:7      | Reached ** piety under Okawaru
  8982 | D:8      | Noticed Pikel
  8982 | D:8      | Noticed Joseph
  8994 | D:8      | Killed Pikel
  8995 | D:8      | Reached skill level 14 in Axes
  8997 | D:8      | Killed Joseph
  8998 | D:8      | Reached XP level 10. HP: 30/86 MP: 10/12
  9352 | D:8      | Noticed Erica
  9372 | D:8      | Killed Erica
  9372 | D:8      | Reached *** piety under Okawaru
  9376 | D:8      | Found a flagged portal.
  9383 | Bailey   | Entered a bailey
  9714 | Bailey   | Noticed an orc knight
 10272 | Bailey   | HP: 3/88 [orc knight/+0 halberd (10)]
 10274 | Bailey   | Killed an orc knight
 10274 | Bailey   | Reached **** piety under Okawaru
 10275 | Bailey   | Reached skill level 15 in Axes
 10693 | D:8      | Reached skill level 5 in Shields
 10768 | D:7      | Killed Duvessa
 10799 | D:6      | Bought a +4 chain mail of positive energy for 342 gold
                  | pieces
 10936 | D:8      | Noticed Grum
 10939 | D:8      | Reached XP level 11. HP: 83/94 MP: 13/13
 10961 | D:8      | Killed Grum
 11205 | D:8      | Noticed Maurice
 11214 | D:8      | Killed Maurice
 11292 | D:8      | Reached skill level 16 in Axes
 11510 | D:8      | Reached ***** piety under Okawaru
 11528 | D:8      | Found a broken altar of Ashenzari.
 11885 | D:9      | Noticed a two-headed ogre
 11893 | D:9      | Killed a two-headed ogre
 12129 | D:9      | Noticed Psyche
 12138 | D:9      | Killed Psyche
 12666 | D:9      | Identified the +4 ring mail of Okawaru's Delight {SInv}
                  | (Okawaru gifted it to you on level 9 of the Dungeon)
 12666 | D:9      | Received a gift from Okawaru
 12728 | D:9      | Found Orown's Evil Emporium.
 12943 | D:9      | Identified a scroll of acquirement
 12943 | D:9      | Acquired 447 gold pieces
 13016 | D:10     | Entered Level 10 of the Dungeon
 13098 | D:10     | Noticed a two-headed ogre
 13126 | D:10     | Killed a two-headed ogre
 13148 | D:10     | Reached skill level 17 in Axes
 13645 | D:10     | Reached XP level 12. HP: 101/101 MP: 14/14
 14094 | D:11     | Found a staircase to the Orcish Mines.
 14122 | D:11     | Reached skill level 10 in Shields
 14517 | D:11     | Found a staircase to the Lair.
 14525 | D:11     | Reached skill level 18 in Axes
 14759 | D:11     | Noticed a boulder beetle
 14760 | D:11     | Noticed a two-headed ogre
 14819 | D:11     | Killed a two-headed ogre
 14819 | D:11     | Received a gift from Okawaru
 15187 | D:11     | Acquired the ring of Hospitality {Drain rPois rF++ Str+6}
 15276 | D:11     | Killed a boulder beetle
 15543 | D:11     | Found a runed translucent gate.
 15543 | D:11     | Found a runed translucent gate.
 15543 | D:11     | Found a runed translucent gate.
 15547 | D:11     | Noticed Zeld's ghost (journeyman HOFi)
 15824 | Lair:1   | Entered Level 1 of the Lair of Beasts
 15837 | Lair:1   | Reached skill level 5 in Invocations
 15907 | Lair:1   | You fall into a shaft and drop 1 floor!
 16213 | Lair:1   | You fall into a shaft and drop 1 floor!
 16273 | Lair:2   | Noticed Gastronok
 16802 | Lair:2   | Noticed a six-headed hydra
 16824 | Lair:2   | Reached skill level 5 in Dodging
 16824 | Lair:2   | Reached XP level 13. HP: 53/107 MP: 18/18
 17041 | Lair:2   | Killed Gastronok
 17291 | Lair:2   | Received a gift from Okawaru
 18151 | Lair:2   | Found a burning altar of Makhleb.
 18160 | Lair:2   | Reached skill level 10 in Invocations
 18442 | Lair:3   | Noticed Urug
 18449 | Lair:3   | Paralysed by Urug for 7 turns
 18463 | Lair:3   | Killed Urug
 19453 | Lair:3   | Found a staircase to the Swamp.
 19713 | Lair:3   | Found a hole to the Spider Nest.
 20094 | Lair:4   | Found a frozen archway.
 20102 | Lair:4   | Received a gift from Okawaru
 20254 | IceCv    | Entered an ice cave
 20265 | IceCv    | HP: 4/107 [polar bear simulacrum (7)]
 20266 | IceCv    | Annihilated by an alligator simulacrum

Illustrated notes

Levels and vault maps discovered:
D:1:      dpeg_arrival_windows_large_door, layout_basic,
          shapermc_ecumenical_altar_mp_ritualfount, serial_shops, shop
D:2:      layout_loops_ring, dk_vineyard_2, st_stairs_2, uniq_jessica
D:3:      layout_loops_cross, serial_undead, serial_undead_e, serial_undead_b,
          serial_undead_f, serial_undead_a
D:4:      layout_layer_cave, supply_closet_lemuel, minmay_misc_feat_cross,
          goddamned_bats
D:5:      layout_loops_ring, chequers_serial_rivers_small_a
D:6:      layout_cave_pools, temple_doors_e, serial_shops, shop, shop_fountains,
          shop, shop
D:7:      kb_forest_paths, layout_basic, nicolae_ossuary_entry_false_entrances,
          uniq_duvessa
D:8:      layout_gridville, marbit_many_paths, enter_bailey_3,
          hangedman_abyss_or_decor_stabs, uniq_pikel, uniq_maurice, uniq_grum,
          uniq_joseph, uniq_erica
D:9:      layout_basic, moated_statue, nicolae_evil_shop, uniq_psyche
D:10:     layout_loops_cross, minivault_7
D:11:     layout_loops_ring, erik_lair_island,
          kennysheep_orc_monster_closet_entryway, ebering_ghost_rock_garden
Temple:   kilobyte_greek_temple
Lair:1:   layout_roguey, chequers_serial_rivers_marsh, serial_bayou_shore_b,
          grunt_megastairs_1
Lair:2:   layout_long_grid, serial_rivers, chequers_serial_rivers_small_a,
          chequers_serial_rivers_small_b, chequers_serial_rivers_small_a,
          chequers_serial_rivers_marsh, basic_altar, pond, uniq_gastronok
Lair:3:   layout_loops_ring, swamp_mist, spider_nest_entry_rubble,
          lemuel_fruit_fields, uniq_urug
Lair:4:   layout_regular_city, portal_ice_cave_entry_ice_beasts,
          ebering_ghost_funeral_grove, beast_lair_carwin_3, uniq_nessos
IceCv:    ice_cave_small_necro

Skill      XL: |  1  2  3  4  5  6  7  8  9 10 11 12 13 |
---------------+----------------------------------------+-----
Axes           | 3 4 5 6 8 9 11 13 14 15 17 18 | 18.1
Invocations    | 3 7 12 | 12.0
Dodging        | 2 5 7 |  7.9
Fighting       | 7 8 |  8.1
Armour         | 6 7 |  7.4
Shields        | 5 9 10 | 10.8

Action                   |  1- 3 |  4- 6 |  7- 9 | 10-12 | 13-15 || total
-------------------------+-------+-------+-------+-------+-------++-------
Melee: War axe           |   103 |    55 |    40 |   442 |       ||   640
       Hand axe          |       |   115 |   362 |       |       ||   477
       Broad axe         |       |       |       |   276 |   232 ||   508
Invok: Heroism           |       |       |     1 |     5 |       ||     6
Evoke: Wand              |       |       |       |    21 |     4 ||    25
       Condenser vane    |       |       |       |     1 |       ||     1
  Use: Potion            |       |     1 |     2 |     3 |     1 ||     7
       Scroll            |       |     6 |     4 |    15 |     3 ||    28
 Stab: Paralysed         |       |       |       |     4 |       ||     4
Armor: Scale mail        |    63 |    69 |    97 |       |       ||   229
       Chain mail        |       |       |    70 |   248 |   103 ||   421
Dodge: Dodged            |    33 |    55 |    78 |   168 |    70 ||   404
Block: Kite shield       |    50 |    88 |   294 |   718 |   248 ||  1398
       Reflection        |       |       |     5 |    47 |     1 ||    53

Table legend: (Time is in decaauts)
 A = Elapsed time spent in this place.
 B = Non-inter-level travel time spent in this place.
 C = Inter-level travel time spent in this place.
 D = Time resting spent in this place.
 E = Time spent auto-exploring this place.
 F = Levels seen in this place.
 G = Mean time per level.
                   A        B        C        D        E       F      G
               +--------+--------+--------+--------+--------+-----+--------+
         Total |  20181 |  19465 |    716 |   5516 |  10772 |  19 | 1062.2 |
       Dungeon |  13838 |  13223 |    615 |   2999 |   7938 |  11 | 1258.0 |
        Temple |    159 |    117 |     42 |      0 |    107 |   1 |  159.0 |
          Lair |   4380 |   4323 |     57 |   1675 |   2151 |   4 | 1095.0 |
       Ossuary |    520 |    520 |      0 |    200 |    223 |   1 |  520.0 |
        Bailey |   1271 |   1271 |      0 |    642 |    353 |   1 | 1271.0 |
      Ice Cave |     10 |     10 |      0 |      0 |      0 |   1 |   10.0 |
               +--------+--------+--------+--------+--------+-----+--------+

Top non-repeatable levels by time:
  Lair:2: 2040 daAuts
    D:11: 1856 daAuts
     D:7: 1726 daAuts
     D:4: 1679 daAuts
     D:8: 1388 daAuts
  Lair:3: 1345 daAuts
     D:2: 1285 daAuts
  Bailey: 1271 daAuts
     D:9: 1248 daAuts
     D:3: 1131 daAuts
     D:1: 994 daAuts
     D:5: 979 daAuts
    D:10: 882 daAuts
  Lair:1: 789 daAuts
     D:6: 665 daAuts
